 Dungeon Crawl Stone Soup version 0.23.2-1-ga50397a6bc (webtiles) character file.

Game seed: 17900519081017841883

29559 Lennu the Basher (level 13, -5/92 HPs)
             Began as a Formicid Fighter on Apr 25, 2019.
             Was a High Priest of Hepliaklqana.
             Splashed by an oklob plant's acid (14 damage)
             ... on level 5 of the Lair of Beasts.
             The game lasted 00:49:17 (16488 turns).

Lennu the Basher (Formicid Fighter)                Turns: 16488, Time: 00:49:18

Health: -5/92      AC:  2    Str: 23    XL:     13   Next: 82%
Magic:  16/16      EV: 11    Int: 13    God:    Hepliaklqana [*****.]
Gold:   1246       SH: 13    Dex: 16    Spells: 12/12 levels left

rFire    + + .     SeeInvis +   G - +7 demon trident of Blind Justice {flame, rPois Int+4}
rCold    + + .     Gourm    .   c - +0 shield
rNeg     . . .     Faith    .   h - +1 chain mail {rC+}
rPois    +         Spirit   .   (helmet unavailable)
rElec    .         Reflect  .   I - scarf {rC+ rF+}
rCorr    .         Harm     .   (no gloves)
MR       ++...                  y - +0 pair of boots
Stlth    ..........             D - amulet of regeneration
HPRegen  0.65/turn              w - ring of protection from fire
MPRegen  0.15/turn              q - +4 ring of slaying

@: corroded
A: permanent stasis, dig shafts and tunnels, four strong arms, reduced essence,
antennae 3, agile 1, clever 1, magic resistance 1
a: Dig, Shaft Self, Recall Ancestor, Ancestor Identity, Transference, Idealise,
Renounce Religion


You were on level 5 of the Lair of Beasts.
You worshipped Hepliaklqana.
Hepliaklqana was extremely pleased with you.
You were not hungry.

You visited 4 branches of the dungeon, and saw 17 of its levels.
You also visited: Gauntlet.

You collected 1246 gold pieces.

Inventory:

Hand Weapons
 d - a +3 flail of protection
 G - the +7 demon trident of Blind Justice (weapon) {flame, rPois Int+4}
   (You found it in a Gauntlet)

   It has been specially enchanted to burn those struck by it, causing extra
   injury to most foes and up to half again as much damage against particularly
   susceptible opponents.
   It affects your intelligence (+4).
   It protects you from poison.
Armour
 c - a +0 shield (worn)
 h - a +1 chain mail of cold resistance (worn)
 t - a +0 cloak
 y - a +0 pair of boots (worn)
 I - a scarf of resistance (worn)
Jewellery
 q - a +4 ring of slaying (right hand)
 r - an uncursed ring of flight
 w - a ring of protection from fire (left hand)
 x - a +4 ring of protection
 C - an uncursed ring of positive energy
 D - an amulet of regeneration (around neck)
Wands
 j - a wand of acid (2)
 A - a wand of enslavement (16)
 F - a wand of iceblast (6)
 H - a wand of flame (12)
Scrolls
 b - a scroll of fear
 e - 3 scrolls of enchant weapon
 k - 5 scrolls of remove curse
 l - a scroll of fog
 m - a scroll of summoning
 p - 3 scrolls of enchant armour
 u - 3 scrolls of amnesia
 v - 2 scrolls of magic mapping
 J - a scroll of vulnerability {unknown}
Potions
 i - 3 potions of curing
 n - 2 potions of brilliance
 o - a potion of resistance
 s - 3 potions of might
 z - a potion of cancellation
 B - a potion of flight
 E - 2 potions of invisibility
Comestibles
 f - 30 rations


   Skills:
 * Level 10.0 Fighting
 - Level 13.0 Maces & Flails
 * Level 5.0 Polearms
 * Level 11.0 Armour
 * Level 4.5 Dodging
 - Level 4.7 Stealth
 * Level 12.0 Shields
 * Level 4.0 Invocations


You had 12 spell levels left.
You didn't know any spells.
Your spell library contained the following spells:

 Spells                   Type           Power        Failure   Level  Hunger
 Animate Skeleton         Necr           N/A          86%         1    ##.....
 Apportation              Tloc           #.....       86%         1    ##.....
 Confusing Touch          Hex            #.....       86%         1    ##.....
 Flame Tongue             Conj/Fire      #....        86%         1    ##.....
 Infusion                 Chrm           #...         86%         1    ##.....
 Summon Small Mammal      Summ           #...         86%         1    ##.....
 Call Imp                 Summ           #.......     94%         2    ###....
 Shroud of Golubria       Chrm/Tloc      #.........   94%         2    ###....
 Song of Slaying          Chrm           #.......     94%         2    ###....
 Throw Flame              Conj/Fire      #.....       94%         2    ###....
 Call Canine Familiar     Summ           #.......     99%         3    ####...
 Regeneration             Chrm/Necr      #.........   99%         3    ####...
 Spectral Weapon          Hex/Chrm       #.......     99%         3    ####...
 Sticky Flame             Conj/Fire      #.......     100%        4    #####..
 Summon Ice Beast         Ice/Summ       #.......     100%        4    #####..
 Throw Icicle             Conj/Ice       #.......     100%        4    #####..
 Bolt of Magma            Conj/Fire/Erth #.........   100%        5    ######.
 Summon Forest            Summ/Tloc      #.........   100%        5    ######.
 Bolt of Cold             Conj/Ice       #.........   100%        6    #######
 Deflect Missiles         Chrm/Air       #.........   100%        6    #######
 Ring of Flames           Chrm/Fire      #.........   100%        7    #######


Dungeon Overview and Level Annotations

Branches:
Dungeon (10/15)            Temple (1/1) D:7            Lair (5/6) D:10
  Swamp (0/4) Lair:2        Snake (1/4) Lair:4        Slime (0/5) Lair:5
    Orc (0/2) D:10

Altars:
Ashenzari
Cheibriados
Dithmenos
Elyvilon
Fedhas
Gozag
Hepliaklqana
Kikubaaqudgha
Makhleb
Nemelex Xobeh
Okawaru
Qazlal
Ru
Sif Muna
Trog
Uskayaw
Vehumet
Wu Jian
Xom
Yredelemnul
Zin
The Shining One

Shops:
D:7 ?

Annotations:
Lair:5 exclusion: 3 oklob plants


Innate Abilities, Weirdness & Mutations

You cannot be hasted, slowed, berserked, paralysed or teleported.
You can dig through walls and to a lower floor.
Your four strong arms can wield two-handed weapons with a shield.
You have a pair of large antennae on your head. (SInv)
Your life essence is reduced to manifest your ancestor. (-10% HP)
You are agile. (Dex +2)
Your mind is acute. (Int +2)
You are resistant to hostile enchantments. (MR+)


Message History

The plant is severely damaged.
The oklob plant spits acid at you.
The splash of acid hits sSeppo!
SSeppo is splashed with acid.
The acid corrodes sSeppo!
The oklob plant spits acid at you. The splash of acid hits you!
* * * LOW HITPOINT WARNING * * *
You are splashed with acid!
* * * LOW HITPOINT WARNING * * *
SSeppo hits the oklob plant with a +0 flail.
You feel much better.
SSeppo hits the oklob plant with a +0 flail!
The oklob plant spits acid at you. The splash of acid hits you.
The acid corrodes you!
You are splashed with acid!
* * * LOW HITPOINT WARNING * * *
The oklob plant spits acid at you. The splash of acid hits you!
* * * LOW HITPOINT WARNING * * *
You are splashed with acid!
You die...

## .## ####### ###### ..########
#./PP$# #####PP...
.....##..#####).R$P# ##...PP....
..........#.##....(####..........
.............#.$$.)#....#........
.............#$...$#.............
..........P.##PP@†P##...#........
........#####.......##...........
........####........#............
....P.....####P.##.####..#.#.##..
...PP.....# ##..### ##.#########
..#.P..<#.# ##.#.####P..#
....÷...### #..........##
........# #.#.P....#...#
.......## ##.##....#..##


You could see the friendly sSeppo the knight and 3 oklob plants.

Vanquished Creatures
  Snorg (Lair:4)
  2 hydras (Lair:2)
  A two-headed ogre (D:10)
  3 death yaks (Lair:4)
  A moth of wrath (Gauntlet)
  A black mamba (Lair:4)
  7 elephants
  4 spiny frogs
  A rime drake (Lair:5)
  4 komodo dragons
  A polar bear (Lair:4)
  A tyrant leech (Lair:2)
  2 hornets (Gauntlet)
  8 blink frogs
  3 hippogriffs
  The ghost of zilodarpe23 the Skirmisher, an amateur OgBe of Trog (D:3)
  A redback (Gauntlet)
  A wyvern (D:10)
  28 yaks
  3 basilisks
  A hungry ghost (D:10)
  A swamp worm (Lair:2)
  8 water moccasins
  3 orc warriors
  4 porcupines
  2 phantoms
  4 black bears (D:10)
  2 sky beasts (D:5)
  2 ice beasts
  A necrophage (D:3)
  3 ogres
  5 wolves
  A centaur (D:6)
  4 crocodiles
  7 bullfrogs
  4 scorpions
  8 killer bees
  5 wights (D:10)
  An electric eel (Lair:5)
  2 crimson imps (D:5)
  9 orc wizards
  Crazy Yiuf (D:5)
  3 orc priests
  A centaur skeleton (D:7)
  4 hounds
  2 jellies
  An iguana (D:10)
  10 worker ants
  2 hound zombies (D:9)
  5 gnolls
  2 howler monkey skeletons
  9 adders
  4 shadow imps
  An adder zombie (D:6)
  2 oozes
  4 worms
  2 dart slugs (D:3)
  5 leopard geckos
  29 orcs
  5 bats
  4 giant cockroaches
  4 goblins
  9 hobgoblins
  11 jackals
  7 quokkas
  A ball python (D:3)
  6 frilled lizards
  A jackal zombie (D:9)
  13 kobolds
  A quokka skeleton (D:6)
  8 rats
  A plant (Lair:5)
309 creatures vanquished.

Vanquished Creatures (collateral kills)
  A minotaur (Gauntlet)
  An oklob plant (Lair:5)
  A torpor snail (Gauntlet)
  2 elephants (Lair:4)
  A spiny frog (Lair:2)
  2 komodo dragons
  A hornet (Gauntlet)
  A redback (Gauntlet)
  3 yaks
  A swamp worm (Lair:2)
  4 porcupines
  2 water moccasins
  2 wolves (Lair:3)
  5 crocodiles
  A big kobold (D:10)
  2 bullfrogs (D:8)
  A scorpion (D:10)
  2 killer bees (D:10)
  A hound skeleton (D:3)
  An adder (D:8)
  An adder zombie (D:3)
  4 orcs
  A jackal (D:8)
  3 kobolds (D:10)
  A fungus (Gauntlet)
45 creatures vanquished.

Vanquished Creatures (others)
  An octopode (D:1)
  A gargoyle (D:1)
  A vine stalker (D:1)
  A troll (D:1)
  A spriggan (D:1)
  A human (D:1)
  A naga (D:1)
  A dwarf (D:1)
  2 ogres (D:1)
  A centaur (D:1)
  8 knights
  4 ancestors
  A kobold (D:1)
  13 fungi
  2 plants
  8 tentacles (D:1)
47 creatures vanquished.

Grand Total: 401 creatures vanquished

Notes
Turn   | Place    | Note
-------+----------+-------------------------------------------
     0 | D:1      | Lennu the Formicid Fighter began the quest for the Orb.
     0 | D:1      | Reached XP level 1. HP: 18/18 MP: 1/1
     0 | D:1      | Noticed a dwarf
     0 | D:1      | Noticed a troll
     0 | D:1      | Noticed a human
     0 | D:1      | Noticed an octopode
     0 | D:1      | Noticed a vine stalker
     0 | D:1      | Noticed a centaur
     0 | D:1      | Noticed a gargoyle
     0 | D:1      | Noticed a kraken
     0 | D:1      | Noticed an ogre
     0 | D:1      | Noticed a spriggan
     0 | D:1      | Noticed an ogre
     0 | D:1      | Noticed a naga
     2 | D:1      | Killed an ogre
     4 | D:1      | Killed a naga
     6 | D:1      | Killed an ogre
     8 | D:1      | Killed a spriggan
     9 | D:1      | Killed a centaur
    14 | D:1      | Killed a gargoyle
    14 | D:1      | Killed a human
    14 | D:1      | Killed a dwarf
    18 | D:1      | Killed a troll
    18 | D:1      | Killed a vine stalker
    19 | D:1      | Killed an octopode
   142 | D:1      | Reached XP level 2. HP: 24/24 MP: 2/2
   313 | D:1      | Reached XP level 3. HP: 18/30 MP: 3/3
   782 | D:1      | Reached XP level 4. HP: 18/37 MP: 4/4
  1233 | D:2      | Gained mutation: Your flesh is heat resistant. (rF+)
                  | [potion of mutation]
  1233 | D:2      | Gained mutation: You are frail. (-10% HP) [potion of
                  | mutation]
  1233 | D:2      | Gained mutation: You are agile. (Dex +2) [potion of
                  | mutation]
  1234 | D:2      | Reached XP level 5. HP: 15/37 MP: 1/5
  1803 | D:2      | Found a shadowy altar of Dithmenos.
  1923 | D:2      | Found a faded altar of an unknown god.
  2531 | D:3      | Reached skill level 3 in Maces & Flails
  2682 | D:3      | Noticed a necrophage
  2683 | D:3      | Found a transporter.
  2684 | D:3      | Found a transporter.
  2684 | D:3      | Noticed zilodarpe23's ghost (amateur OgBe)
  2857 | D:3      | Reached skill level 1 in Dodging
  3147 | D:4      | Reached skill level 5 in Shields
  3147 | D:4      | Reached XP level 6. HP: 29/43 MP: 6/6
  3833 | D:4      | Found a bloodstained altar of Trog.
  4335 | D:5      | Entered Level 5 of the Dungeon
  4345 | D:5      | Identified the Tome of Companions and Attacks
  4371 | D:5      | Found a runed translucent door.
  4372 | D:5      | Noticed Crazy Yiuf
  4380 | D:5      | Killed Crazy Yiuf
  4437 | D:5      | Reached skill level 4 in Maces & Flails
  4445 | D:5      | Reached XP level 7. HP: 48/48 MP: 7/7
  4797 | D:5      | Reached skill level 5 in Maces & Flails
  4797 | D:5      | Reached skill level 1 in Stealth
  4818 | D:5      | Reached skill level 5 in Armour
  4818 | D:5      | Reached XP level 8. HP: 47/54 MP: 8/8
  5091 | D:5      | Reached skill level 5 in Fighting
  5238 | D:5      | Reached skill level 6 in Maces & Flails
  5983 | D:6      | Reached skill level 7 in Maces & Flails
  5983 | D:6      | Reached XP level 9. HP: 38/61 MP: 7/9
  6566 | D:7      | Found Iskiethra's Magic Scroll Boutique.
  6717 | D:7      | Found a staircase to the Ecumenical Temple.
  6724 | Temple   | Entered the Ecumenical Temple
  6796 | Temple   | Became a worshipper of Hepliaklqana the Forgotten
  6917 | D:7      | Found a white marble altar of Elyvilon.
  7649 | D:7      | Reached skill level 8 in Maces & Flails
  7981 | D:3      | Killed zilodarpe23's ghost
  8286 | D:8      | Reached * piety under Hepliaklqana
  8413 | D:8      | Noticed a hippogriff
  8423 | D:8      | Killed a hippogriff
  8725 | D:8      | Noticed a hippogriff
  8733 | D:8      | Killed a hippogriff
  8733 | D:8      | Reached XP level 10. HP: 56/61 MP: 7/10
  9087 | D:9      | Reached skill level 9 in Maces & Flails
  9768 | D:10     | Entered Level 10 of the Dungeon
  9868 | D:10     | Found a staircase to the Lair.
  9886 | D:10     | Reached skill level 10 in Maces & Flails
 10185 | D:10     | Reached ** piety under Hepliaklqana
 10193 | D:10     | Remembered your ancestor sSeppo as a knight
 10252 | D:10     | Lost mutation: You are frail. (-10% HP) [potion of
                  | mutation]
 10252 | D:10     | Lost mutation: Your flesh is heat resistant. (rF+) [potion
                  | of mutation]
 10252 | D:10     | Gained mutation: Your mind is acute. (Int +2) [potion of
                  | mutation]
 10252 | D:10     | Gained mutation: You are resistant to hostile enchantments.
                  | (MR+) [potion of mutation]
 10252 | D:10     | Gained mutation: You are weak. (Str -2) [potion of
                  | mutation]
 10252 | D:10     | Lost mutation: You are weak. (Str -2) [potion of mutation]
 10258 | D:10     | Noticed a two-headed ogre
 10266 | D:10     | Reached XP level 11. HP: 70/75 MP: 11/11
 10272 | D:10     | Killed a two-headed ogre
 10475 | D:10     | Found a staircase to the Orcish Mines.
 10741 | Lair:1   | Entered Level 1 of the Lair of Beasts
 10856 | Lair:1   | Reached skill level 11 in Maces & Flails
 12530 | Lair:2   | Reached *** piety under Hepliaklqana
 12594 | Lair:2   | Noticed a six-headed hydra
 12611 | Lair:2   | Killed a six-headed hydra
 12611 | Lair:2   | Reached skill level 10 in Shields
 12633 | Lair:2   | Reached XP level 12. HP: 46/83 MP: 12/12
 12746 | Lair:2   | Noticed a four-headed hydra
 12759 | Lair:2   | Killed a four-headed hydra
 12822 | Lair:2   | Found a staircase to the Swamp.
 13355 | Lair:3   | Reached skill level 12 in Maces & Flails
 13404 | Lair:3   | Reached skill level 10 in Armour
 13851 | Lair:3   | Found a gate leading to a gauntlet.
 13860 | Gauntlet | Entered a Gauntlet
 13860 | Gauntlet | Found a transporter.
 13860 | Gauntlet | Found a runed translucent gate.
 13860 | Gauntlet | Found a transporter.
 13862 | Gauntlet | Found a runed translucent gate.
 13870 | Gauntlet | Found a transporter.
 13874 | Gauntlet | Found a transporter.
 13883 | Gauntlet | Found a transporter.
 13886 | Gauntlet | Found a transporter.
 13893 | Gauntlet | Noticed a wretched star
 13894 | Gauntlet | Found a transporter.
 13910 | Gauntlet | Found a transporter.
 13924 | Gauntlet | Found a transporter.
 13928 | Gauntlet | Found a transporter.
 13936 | Gauntlet | Found a transporter.
 13940 | Gauntlet | Found a transporter.
 13942 | Gauntlet | Found a runed translucent gate.
 14009 | Gauntlet | Found a runed translucent door.
 14028 | Gauntlet | Reached XP level 13. HP: 90/90 MP: 13/13
 14093 | Gauntlet | Reached skill level 1 in Invocations
 14229 | Gauntlet | Got a wavering zirconium amulet
 14230 | Gauntlet | Identified the amulet of Hajuukoh {Harm *Drain rC- MR++
                  | SInv Stlth+} (You found it in a Gauntlet)
 14269 | Gauntlet | Noticed a minotaur
 14277 | Gauntlet | Killed a minotaur
 14277 | Gauntlet | Reached skill level 13 in Maces & Flails
 14282 | Gauntlet | Identified the Disquisition on Glacial Boosts
 14282 | Gauntlet | Identified the Disquisition on Igneous Dislocation
 14284 | Gauntlet | Got a bloodstained demon trident
 14285 | Gauntlet | Identified the +7 demon trident of Blind Justice {flame,
                  | rPois Int+4} (You found it in a Gauntlet)
 14736 | Lair:4   | Reached skill level 1 in Polearms
 14956 | Lair:4   | Found a staircase to the Snake Pit.
 14994 | Lair:4   | Reached **** piety under Hepliaklqana
 15139 | Lair:4   | Noticed Snorg
 15154 | Lair:4   | Killed Snorg
 15765 | Snake:1  | Entered Level 1 of the Snake Pit
 15875 | Lair:5   | Reached ***** piety under Hepliaklqana
 15909 | Lair:5   | Found a staircase to the Slime Pits.
 15969 | Lair:5   | Reached skill level 10 in Fighting
 16478 | Lair:5   | Reached skill level 5 in Polearms
 16488 | Lair:5   | Splashed by an oklob plant's acid

Skill      XL: |  1  2  3  4  5  6  7  8  9 10 11 12 13 |
---------------+----------------------------------------+-----
Shields        | 4 5 6 7 8 10 11 12 | 12.0
Fighting       | 4 5 6 7 8 9 10 | 10.0
Armour         | 4 5 6 7 9 10 11 | 11.0
Maces & Flails | 3 4 5 7 8 10 11 12 13 | 13.0
Dodging        | 1 2 3 4 |  4.5
Stealth        | 1 2 3 4 |  4.7
Invocations    | 4 |  4.0
Polearms       | 5 |  5.0

Action                   |  1- 3 |  4- 6 |  7- 9 | 10-12 | 13-15 || total
-------------------------+-------+-------+-------+-------+-------++-------
Melee: Flail             |   111 |   188 |   324 |   558 |    23 ||  1204
       Demon trident     |       |       |       |       |   150 ||   150
Invok: Ancestor Identity |       |       |     1 |       |       ||     1
       Ancestor Life: Kn |       |       |       |     1 |       ||     1
  Use: Potion            |     1 |     1 |     2 |     8 |     5 ||    17
       Scroll            |       |    11 |    11 |     7 |     3 ||    32
 Stab: Invisible         |       |     2 |       |       |       ||     2
       Distracted        |       |       |     1 |     3 |     1 ||     5
  Eat: Ration            |       |     3 |     2 |     4 |     2 ||    11
       Chunk             |       |     1 |     8 |     5 |     2 ||    16
Armor: Scale mail        |    61 |    42 |       |       |       ||   103
       Chain mail        |       |    13 |   132 |   206 |    55 ||   406
Dodge: Dodged            |    61 |    61 |    78 |   181 |    68 ||   449
Block: Shield            |    89 |   102 |   143 |   313 |   116 ||   763
